 Dungeon Crawl Stone Soup version 0.31-a0-716-gc7603755dd (webtiles) character file.

Game seed: 11183843660786148673

534028 randomguy2701 the Axe Maniac (level 25, 0/248 HPs)
             Began as a Hill Orc Fighter on Sept 10, 2023.
             Was the Champion of Beogh.
             Killed from afar by a yellow draconian annihilator (14 damage)
             ... with a bolt of lightning
             ... led by a white draconian stormcaller
             ... on level 1 of the Realm of Zot.
             The game lasted 03:39:09 (67099 turns).

randomguy2701 the Axe Maniac (Hill Orc Fighter)    Turns: 67099, Time: 03:39:09

Health: 0/248      AC: 36    Str: 38    XL:     25   Next: 74%
Magic:  30/32      EV: 15    Int: 19    God:    Beogh [******]
Gold:   5700       SH: 33    Dex: 23    Spells: 24/24 levels left

rFire   + + .        d - +9 war axe (vamp)
rCold   + + +        t - +1 tower shield of the Fifty Hells {-Cast +Inv rElec rC+}
rNeg    . . .        O - +14 plate armour of the Lair of Beasts {rC+}
rPois   .            Z - +2 helmet {Int+3}
rElec   +            w - +0 cloak
rCorr   .            P - -1 pair of gloves "Nileixil" {rElec Int+2}
SInv    .            Q - -1 pair of boots "Hyciotwo" {+Inv rC+ Int+4 Dex+3}
Will    +....        o - amulet of Okawaru's Reproof {Reflect Harm Str+5 SH+5} Stlth
                     J - +6 ring of strength
HPRegen 0.61/turn    B - ring "Zikad" {+Blink rF++ Int+4 Dex+6}
MPRegen 0.23/turn

%: no spellcasting, harm (+30% outgoing, +20% incoming), reflection
@: lethally poisoned (0 -> -17), corroded
A: walk on water, dopey 1
}: 3/15 runes: serpentine, barnacled, silver
a: Renounce Religion, Evoke Blink, Evoke Invisibility, Smiting, Recall Orcish
Followers, Give Item to Named Follower, Resurrection


You were on level 1 of the Realm of Zot.
You worshipped Beogh.
Beogh was exalted by your worship.
You visited 9 branches of the dungeon, and saw 43 of its levels.
You visited 1 bazaar.
You also visited: Bailey.

You collected 7690 gold pieces.
You spent 1990 gold pieces at shops.

Inventory:

Hand Weapons
 d - a +9 vampiric war axe (weapon)
 H - the +8 hand axe of Wu Jian's Hatred {flame, rF- Str+6 SInv}
   (You took it off a deep elf pyromancer on level 3 of the Elven Halls)

   Str+6:     It affects your strength (+6).
   rF-:       It makes you vulnerable to fire.
   SInv:      It lets you see invisible.
 K - the +11 eveningstar of Glory {vamp, rC+ rCorr}
   (You found it on level 3 of the Elven Halls)

   rC+:       It protects you from cold.
   rCorr:     It protects you from acid and corrosion.
Armour
 t - the +1 tower shield of the Fifty Hells (worn) {-Cast +Inv rElec rC+}
   (You found it on level 3 of the Shoals)

   rC+:       It protects you from cold.
   rElec:     It insulates you from electricity.
   +Inv:      It lets you turn invisible.
   -Cast:     It prevents spellcasting.
 w - a +0 cloak (worn)
 z - the +6 storm dragon scales of the Giraffatuar {Rampage rElec Will++ MP+9}
   (You found it on level 14 of the Dungeon)

   rElec:     It insulates you from electricity.
   Will++:    It greatly increases your willpower.
   MP+9:      It affects your magic capacity (+9).
   Rampage:   It bestows one free step when moving towards enemies.
 O - the +14 plate armour of the Lair of Beasts (worn) {rC+}
   (You found it on level 5 of the Vaults)

   rC+:       It protects you from cold.
 P - the -1 pair of gloves "Nileixil" (worn) {rElec Int+2}
   (You found it on level 3 of the Lair of Beasts)

   Int+2:     It affects your intelligence (+2).
   rElec:     It insulates you from electricity.
 Q - the -1 pair of boots "Hyciotwo" (worn) {+Inv rC+ Int+4 Dex+3}
   (You found it on level 2 of the Snake Pit)

   Int+4:     It affects your intelligence (+4).
   Dex+3:     It affects your dexterity (+3).
   rC+:       It protects you from cold.
   +Inv:      It lets you turn invisible.
 Z - a +2 helmet of intelligence (worn)
Jewellery
 h - the amulet "Hiroe" {Reflect Regen+ SH+5}
   (You found it on level 5 of the Vaults)

   [amulet of reflection]

   Reflect:   It reflects blocked missile attacks.
   Regen+:    It increases your rate of health regeneration.
   SH+5:      It affects your SH (+5).
 i - the ring of Summertime {Fly rElec Str+3 Dex-3 SInv}
   (You found it on level 3 of the Snake Pit)

   [ring of flight]

   Str+3:     It affects your strength (+3).
   Dex-3:     It affects your dexterity (-3).
   rElec:     It insulates you from electricity.
   SInv:      It lets you see invisible.
   Fly:       It grants you flight.
 o - the amulet of Okawaru's Reproof (around neck) {Reflect Harm Str+5 SH+5}
   (You found it on level 13 of the Dungeon)

   [amulet of reflection]

   Reflect:   It reflects blocked missile attacks.
   Str+5:     It affects your strength (+5).
   SH+5:      It affects your SH (+5).
   Harm:      It increases damage dealt and taken.
 v - the amulet of Kuluojuj {RegenMP Dex+3}
   (You took it off a frost giant on level 2 of the Depths)

   [amulet of magic regeneration]

   RegenMP:   It increases your rate of magic regeneration.
   Dex+3:     It affects your dexterity (+3).
 y - the necklace of Bloodlust {Fury *Rage Will++ Int-3 Slay+6}
   (You took it off a frost giant on level 2 of the Depths)

   [amulet of nothing]

   Fury:      It extends the wearer's berserk rage when killing foes.
   Int-3:     It affects your intelligence (-3).
   Slay+6:    It affects your accuracy & damage with ranged weapons and melee
   (+6).
   Will++:    It greatly increases your willpower.
   *Rage:     It berserks you when you make melee attacks (+50% chance).
 B - the ring "Zikad" (right hand) {+Blink rF++ Int+4 Dex+6}
   (You found it on level 14 of the Dungeon)

   [ring of dexterity]

   Int+4:     It affects your intelligence (+4).
   Dex+6:     It affects your dexterity (+6).
   rF++:      It greatly protects you from fire.
   +Blink:    It lets you blink.
 E - the ring "Waob" {rC+ Int+2 SInv}
   (You found it on level 14 of the Dungeon)

   [ring of see invisible]

   Int+2:     It affects your intelligence (+2).
   rC+:       It protects you from cold.
   SInv:      It lets you see invisible.
 F - the amulet "Igostroh" {RegenMP +Inv rElec Str+3}
   (You found it on level 15 of the Dungeon)

   [amulet of magic regeneration]

   RegenMP:   It increases your rate of magic regeneration.
   Str+3:     It affects your strength (+3).
   rElec:     It insulates you from electricity.
   +Inv:      It lets you turn invisible.
 J - a +6 ring of strength (left hand)
 U - a ring of poison resistance
Wands
 e - a wand of mindburst (41)
 l - a wand of quicksilver (33)
 u - a wand of flame (103)
 L - a wand of paralysis (50)
 M - a wand of digging (21)
 R - a wand of iceblast (34)
Scrolls
 c - 24 scrolls of identify
 f - 10 scrolls of fear
 g - 9 scrolls of poison
 j - 15 scrolls of teleportation
 k - 4 scrolls of noise
 m - 3 scrolls of blinking
 n - 2 scrolls of enchant weapon
 s - 6 scrolls of fog
 x - 3 scrolls of silence
 A - 5 scrolls of revelation
 G - 3 scrolls of immolation
 V - 4 scrolls of brand weapon
 X - 4 scrolls of butterflies
Potions
 a - a potion of cancellation
 b - 3 potions of berserk rage
 p - 8 potions of mutation
 q - 5 potions of heal wounds
 r - 16 potions of curing
 C - 7 potions of attraction
 D - 9 potions of enlightenment
 I - 4 potions of ambrosia
 N - 4 potions of resistance
 S - 9 potions of might
 T - 7 potions of lignification
 W - 6 potions of invisibility
 Y - 3 potions of haste


   Skills:
 + Level 24.8 Fighting
 O Level 27 Axes
 + Level 1.2(15.4) Maces & Flails
 + Level 19.9 Armour
 + Level 7.8 Dodging
 + Level 6.5 Stealth
 + Level 26.3 Shields
 + Level 12.7 Invocations
 + Level 1.2 Evocations


You had 24 spell levels left.
You didn't know any spells.
Your spell library contained the following spells:

 Spells                   Type           Power      Damage    Failure   Level
 Foxfire                  Conj/Fire      0%         2x1d4     54%         1
 Freeze                   Ice            0%         1d3       54%         1
 Kiss of Death            Conj/Necr      0%         2d5       54%         1
 Magic Dart               Conj           0%         1d3       54%         1
 Necrotise                Necr           0%         1d4       54%         1
 Sandblast                Erth           0%         2d4       54%         1
 Sting                    Tmut/Pois      0%         1d3       54%         1
 Blink                    Tloc           0%         N/A       69%         2
 Call Imp                 Summ           0%         N/A       69%         2
 Cigotuvi's Dreadful Rot  Necr/Pois/Air  0%         N/A       69%         2
 Ensorcelled Hibernation  Hex/Ice        0%         N/A       69%         2
 Jinxbite                 Hex            0%         N/A       69%         2
 Lesser Beckoning         Tloc           0%         N/A       69%         2
 Poisonous Vapours        Pois/Air       0%         N/A       69%         2
 Scorch                   Fire           0%         2d5       69%         2
 Searing Ray              Conj           0%         2d4       69%         2
 Static Discharge         Conj/Air       0%         2-2/arc   69%         2
 Confusing Touch          Hex            0%         N/A       89%         3
 Dazzling Flash           Conj/Hex       0%         N/A       89%         3
 Frozen Ramparts          Ice            0%         1d1       89%         3
 Gell's Gravitas          Tloc           0%         N/A       89%         3
 Hailstorm                Conj/Ice       0%         3d3       89%         3
 Ignite Poison            Fire/Tmut/Pois 0%         N/A       89%         3
 Mephitic Cloud           Conj/Pois/Air  0%         N/A       89%         3
 Ozocubu's Armour         Ice            0%         N/A       89%         3
 Stone Arrow              Conj/Erth      0%         3d7       89%         3
 Summon Guardian Golem    Hex/Summ       0%         N/A       89%         3
 Teleport Other           Tloc           0%         N/A       89%         3
 Tukima's Dance           Hex            0%         N/A       89%         3
 Volatile Blastmotes      Fire/Tloc      0%         2d10      89%         3
 Anguish                  Hex/Necr       0%         N/A       100%        4
 Animate Armour           Summ/Erth      0%         N/A       100%        4
 Cause Fear               Hex            0%         N/A       100%        4
 Dimensional Bullseye     Hex/Tloc       0%         N/A       100%        4
 Dispel Undead            Necr           0%         3d6       100%        4
 Flame Wave               Conj/Fire      0%         2d4       100%        4
 Iskenderun's Mystic Bla  Conj/Tloc      0%         2d3       100%        4
 Manifold Assault         Tloc           0%         N/A       100%        4
 Olgreb's Toxic Radiance  Pois           0%         N/A       100%        4
 Passage of Golubria      Tloc           0%         N/A       100%        4
 Petrify                  Tmut/Erth      0%         N/A       100%        4
 Sticky Flame             Conj/Fire      0%         2d3       100%        4
 Summon Ice Beast         Ice/Summ       0%         N/A       100%        4
 Summon Lightning Spire   Summ/Air       0%         N/A       100%        4
 Vhi's Electric Charge    Tloc/Air       0%         N/A       100%        4
 Agony                    Necr           0%         N/A       100%        5
 Alistair's Intoxication  Tmut/Pois      0%         N/A       100%        5
 Arcjolt                  Conj/Air       0%         1d10      100%        5
 Fireball                 Conj/Fire      0%         3d3       100%        5
 Freezing Cloud           Conj/Ice/Air   0%         6-21      100%        5
 Irradiate                Conj/Tmut      0%         3d11      100%        5
 Iskenderun's Battlesphe  Conj           0%         2d6       100%        5
 Lee's Rapid Deconstruct  Erth           0%         3d4*      100%        5
 Metabolic Englaciation   Hex/Ice        0%         N/A       100%        5
 Silence                  Hex/Air        0%         N/A       100%        5
 Summon Forest            Summ/Tloc      0%         N/A       100%        5
 Summon Mana Viper        Hex/Summ       0%         N/A       100%        5
 Yara's Violent Unravell  Hex/Tmut       0%         3d3       100%        5
 Conjure Ball Lightning   Conj/Air       0%         3x3d6     100%        6
 Eringya's Noxious Bog    Tmut/Pois      0%         4d6       100%        6
 Plasma Beam              Fire/Air       0%         2x1d10    100%        6
 Simulacrum               Ice/Necr       0%         N/A       100%        6
 Starburst                Conj/Fire      0%         6d3       100%        6
 Summon Cactus Giant      Summ           0%         N/A       100%        6
 Haunt                    Necr/Summ      0%         N/A       100%        7
 Malign Gateway           Summ/Tloc      0%         N/A       100%        7
 Monstrous Menagerie      Summ           0%         N/A       100%        7
 Summon Hydra             Summ           0%         N/A       100%        7
 Borgnjor's Revivificati  Necr           0%         N/A       100%        8
 Discord                  Hex            0%         N/A       100%        8
 Disjunction              Tloc           0%         N/A       100%        8
 Ignition                 Fire           0%         3d3       100%        8
 Lehudib's Crystal Spear  Conj/Erth      0%         10d2      100%        8
 Maxwell's Capacitive Co  Air            0%         ∞         100%        8
 Death's Door             Necr           0%         N/A       100%        9
 Dragon's Call            Summ           0%         N/A       100%        9


Dungeon Overview and Level Annotations

Branches:
Dungeon (15/15)            Temple (0/1) D:5            Lair (5/5) D:9
 Shoals (4/4) Lair:2        Snake (4/4) Lair:3        Slime (0/5) Lair:5
    Orc (2/2) D:10            Elf (3/3) Orc:2        Vaults (5/5) D:14
  Crypt (0/3) Vaults:2     Depths (4/4) D:15            Zot (1/5) Depths:4
 Bailey (visited)

Altars:
Dithmenos
Elyvilon
Fedhas
Gozag
Hepliaklqana
Kikubaaqudgha
Makhleb
Nemelex Xobeh
Okawaru
Qazlal
Ru
Sif Muna
Trog
Uskayaw
Xom
Zin
The Shining One
Beogh

Shops:
D:9 =!**(   D:12 !   Orc:2 (===   Elf:2 !   Shoals:1 [   Snake:3 *:*?
Vaults:5 [   Depths:1 :![!*

Portals:
Hell: Depths:1 Depths:3 Depths:4
Abyss: Depths:3
Pandemonium: Depths:4
Ziggurat: Depths:3
Trove: D:13 (show abyssal rune of Zot)

Annotations:
Lair:5 exclusion: obsidian statue
Vaults:2 exclusion: obsidian statue


Innate Abilities, Weirdness & Mutations

You can walk on water.
You are dopey. (Int -2)


Message History

The wind drake disappears in a puff of smoke!
The rime drake disappears in a puff of smoke!
You feel a bit more experienced.
You feel much better.
Oruk unwields the +4 hand axe "Xicwutzo" {flame, MP-9 Str+3 Stlth+}.
It stops flaming.
Oruk wields a +1 orcbow.
Oruk shoots an arrow.
The arrow hits the green draconian!!
The yellow draconian annihilator casts a spell.
The yellow draconian annihilator blinks!
The yellow draconian is engulfed in poison gas.
The yellow draconian is poisoned.
Berold is engulfed in poison gas.
Berold looks as sick as possible!
Berold unwields the +11 glaive of Invincibility {heavy, rF++ Int+2}.
Berold wields a +1 longbow.
Berold shoots an arrow.
The arrow hits the green draconian!
Unknown command.
You begin recalling your allies.
Berold is recalled.
Oruk is recalled.
You finish recalling your allies.
Oruk shoots an arrow.
The arrow hits the yellow draconian!
The yellow draconian annihilator spits acid at you.
The glob of acid hits you but does no damage.
The green draconian breathes poison at you.
The blast of poison engulfs you but does no damage.
You are poisoned.
The yellow draconian spits acid at you.
The glob of acid hits you but does no damage.
The acid corrodes you!
You are engulfed in poison gas.
You are more poisoned.
* * * LOW HITPOINT WARNING * * *
The ice encasing you melts away.
You feel extremely sick.
The yellow draconian annihilator points at you and mumbles some strange words.
The bolt of lightning hits Oruk!!
The bolt of lightning hits you! You resist.
* * * LOW HITPOINT WARNING * * *
The yellow draconian annihilator casts a spell at you.
The bolt of lightning hits you! You resist.
You die...

####################
..........+........#
..........#........###
..........#........'.############
..........#........#(............
..........#.....o..#....#####.###
..........#....o@○.####.# #.#
..........#....§○☼.# ..# #..
########'##.q..☼☼☼.# #.#. .#.#
............q.☼§○).# .. .. . .#
...............☼...#.#. .#.#. ##
..............☼d...#..> .....
............d⌠.....# #. .# #.
..........°..°.....+ ###
..........§°)......#.#.#. +..


You could see a yellow draconian (poisoned, catching breath), a green draconian
(catching breath, ally target), 2 draconians, the friendly Berold the orc
warlord (strong, extremely poisoned) and the friendly Oruk the orc warlord
(strong, very poisoned).

Vanquished Creatures
  An ancient lich (Vaults:4)
  Mennas (Vaults:2)
  A juggernaut (Depths:3)
  Margery (Depths:3)
  Vashnia (Snake:3)
  A curse toe (Zot:1)
  2 golden dragons (Depths:3)
  Nikola (Shoals:1)
  An electric golem (Zot:1)
  Zenata (Vaults:3)
  4 tentacled monstrosities
  6 liches
  3 deep elf blademasters
  A walking frostbound tome (Depths:3)
  8 titans
  6 sphinxes
  3 quicksilver dragons
  2 krakens
  A deep elf master archer (Elf:3)
  2 death cobs (Zot:1)
  Frances (Snake:1)
  An ancient champion (Vaults:2)
  5 shadow dragons
  Kirke (Lair:3)
  A nagaraja (Snake:4)
  4 tengu reavers
  8 fire giants
  2 storm dragons
  3 draconian monks
  5 frost giants
  2 draconian knights
  16 vault wardens
  8 deep elf sorcerers
  A draconian scorcher (Depths:4)
  A deep elf elementalist (Elf:3)
  An orc warlord (Vaults:4)
  2 iron dragons (Depths:3)
  An angel (Depths:3)
  A draconian shifter (Zot:1)
  2 draconian annihilators
  6 ironbound preservers
  2 war gargoyles (Vaults:5)
  4 ironbound thunderhulks
  9 stone giants
  A green draconian (Depths:4)
  13 very ugly things
  4 deep elf demonologists (Elf:3)
  3 red draconians (Zot:1)
  2 vampire knights
  A white draconian (Depths:4)
  2 yellow draconians
  6 deep elf annihilators
  11 dire elephants
  7 spark wasps
  2 purple draconians (Zot:1)
  4 black draconians
  12 ettins
  4 merfolk javelineers
  6 deep elf death magi
  4 fire dragons
  A jiangshi (Depths:1)
  13 yaktaur captains
  4 deep elf high priests
  7 merfolk impalers
  An entropy weaver (Vaults:4)
  5 great orbs of eyes
  3 hydras
  5 ice dragons
  A great orb of eyes (shapeshifter) (Depths:2)
  2 salamander tyrants
  4 spriggan air magi
  32 vault guards
  A spriggan skeleton (Depths:3)
  4 rakshasas
  A merfolk avatar (Shoals:3)
  2 alligators (Snake:1)
  18 centaur warriors
  2 ogre magi
  2 catoblepae
  7 two-headed ogres
  8 ironbound frosthearts
  10 anacondas
  An alligator snapping turtle (Shoals:2)
  38 dancing weapons
  6 death yaks
  2 boulder beetles
  5 tengu warriors
  A vampire mage (Depths:1)
  4 deep troll shamans
  2 deep troll earth magi
  5 naga warriors
  A satyr (Shoals:4)
  An orc high priest (Orc:1)
  15 naga sharpshooters
  3 spriggan berserkers
  5 shock serpents
  17 deep elf knights
  6 hell knights
  3 spriggans
  A skyshark (Lair:5)
  2 salamander mystics
  An iron troll (Depths:3)
  A swamp dragon (Vaults:4)
  A goliath frog (Snake:1)
  A storm dragon skeleton (Vaults:5)
  A spectral anaconda (Lair:5)
  3 flayed ghosts
  14 sea snakes
  6 naga ritualists
  2 glowing orange brains
  32 deep trolls
  15 deep elf archers
  22 deep elf pyromancers
  Pikel (D:7)
  5 lindwurms
  3 wizards
  10 ironbound convokers
  7 phantasmal warriors
  3 orc knights
  8 necromancers
  9 harpies
  18 ugly things
  8 mana vipers
  31 deep elf zephyrmancers
  2 wolf spiders (shapeshifter)
  3 cyclopes
  4 fauns
  A wolf spider (Vaults:5)
  10 salamanders
  9 manticores
  24 black mambas
  6 vault sentinels
  5 guardian serpents
  12 elephants
  4 cane toads
  5 merfolk sirens
  4 water nymphs
  Maurice (D:9)
  9 naga magi
  A gargoyle (D:11)
  A torpor snail (Lair:3)
  Jeremiah (D:7)
  A dire elephant skeleton (Lair:5)
  An unseen horror (D:12)
  An elf skeleton (Vaults:5)
  32 yaktaurs
  An efreet (D:15)
  A freezing wraith (Vaults:4)
  3 komodo dragons (Lair:5)
  2 trolls
  3 wind drakes
  6 tengu conjurers
  10 merfolk
  2 polar bears (shapeshifter)
  A polar bear (Lair:2)
  A tyrant leech (shapeshifter) (Vaults:4)
  A queen bee (D:14)
  A yaktaur skeleton (Vaults:5)
  4 meliai
  A wind drake (shapeshifter) (Vaults:4)
  A blink frog (Lair:1)
  A spectral elephant (Lair:5)
  4 hornets
  6 dream sheep
  12 snapping turtles
  2 air elementals (Elf:1)
  10 water elementals
  14 slime creatures
  A culicivora (shapeshifter) (Vaults:5)
  A shadow (D:11)
  4 vampires
  2 hogs (Lair:3)
  5 wyverns
  2 wraiths
  23 yaks
  2 redbacks (shapeshifter)
  3 vampire mosquitoes
  Grum (D:8)
  3 steam dragons
  A basilisk (shapeshifter) (Elf:3)
  2 redbacks (Vaults:4)
  27 nagas
  A warg (Orc:2)
  A spectral cane toad (Lair:5)
  2 death yak simulacra (Lair:5)
  5 water moccasins
  5 acid dragons
  A floating eye (Vaults:4)
  Duvessa (D:5)
  2 ice beasts
  A black bear (D:7)
  7 orc warriors
  A sky beast (D:8)
  A black bear (shapeshifter) (D:14)
  6 wolves
  10 centaurs
  A boggart (Vaults:1)
  19 ogres
  2 lemures (D:7)
  A phantom (D:5)
  A kobold brigand (D:10)
  Blork the orc (D:5)
  7 bullfrogs
  A gnoll sergeant (D:10)
  A scorpion (D:4)
  5 earth elementals
  5 wights (D:6)
  Dowan (D:5)
  A spectral ogre (Orc:1)
  12 killer bees
  6 howler monkeys
  An electric eel (Snake:1)
  2 human simulacra
  5 hounds
  3 gnoll boudas
  5 jellies
  4 orc priests (D:8)
  3 sleepcaps
  2 iguanas
  20 orc wizards
  2 hell rats (Lair:5)
  20 gnolls
  7 adders
  9 river rats
  2 shadow imps
  A white imp (D:4)
  An ufetubus (D:6)
  A worm (D:4)
  3 dart slugs
  29 orcs
  An orc simulacrum (Orc:1)
  9 endoplasms
  4 giant cockroaches
  16 goblins
  15 hobgoblins
  10 jackals
  23 kobolds
  6 quokkas
  9 ball pythons
  10 bats
  3 frilled lizards
  8 rats
  A butterfly (Lair:2)
  3 tentacles
1316 creatures vanquished.

Vanquished Creatures (collateral kills)
  An ancient lich (Vaults:4)
  A golden dragon (Vaults:4)
  A tentacled monstrosity (Vaults:5)
  A walking crystal tome (Depths:3)
  4 titans
  A lich (Depths:3)
  A deep elf master archer (Elf:3)
  An ancient champion (Vaults:2)
  3 sphinxes
  A storm dragon (Vaults:5)
  A tengu reaver (Depths:2)
  4 shadow dragons
  Aizul (Snake:1)
  2 nagarajas (Snake:4)
  A deep elf sorcerer (Elf:3)
  3 fire giants
  11 vault wardens
  An iron dragon (Depths:3)
  4 orc warlords
  4 frost giants
  A spriggan defender (Depths:3)
  A draconian stormcaller (Zot:1)
  5 formless jellyfish
  9 ironbound preservers
  2 stone giants
  9 very ugly things
  2 deep elf annihilators
  5 ironbound thunderhulks
  The ghost of Funteblela the Thaumaturge, a journeyman GnWn of Vehumet (Orc:1)
  6 dire elephants
  The ghost of Goober42 the Thaumaturge, a journeyman DECj of Dithmenos (D:13)
  5 spark wasps
  3 deep elf death magi
  5 ettins
  5 fire dragons
  Snorg (D:13)
  3 merfolk javelineers
  2 jiangshi (Depths:1)
  3 great orbs of eyes
  5 merfolk impalers
  2 rakshasas
  2 yaktaur captains
  5 deep elf high priests
  4 hydras
  10 vault guards
  A catoblepas (D:15)
  A salamander tyrant (Snake:4)
  A spriggan skeleton (Depths:3)
  2 ice dragons
  4 ironbound frosthearts
  An alligator (shapeshifter) (D:13)
  5 centaur warriors
  A merfolk aquamancer (Shoals:4)
  A two-headed ogre (shapeshifter) (Vaults:4)
  4 alligator snapping turtles
  5 anacondas
  4 ogre magi
  A satyr (Shoals:4)
  10 two-headed ogres (Orc:2)
  2 merfolk avatars
  2 boulder beetles
  9 death yaks
  3 tengu warriors
  A dancing weapon (Elf:3)
  2 spriggan berserkers
  8 naga warriors
  2 spriggans
  6 shock serpents
  9 naga sharpshooters
  A deep elf knight (Elf:3)
  Nergalle (D:11)
  A hell knight (Depths:2)
  An iron troll (Depths:3)
  A skyshark (Lair:5)
  2 spectral death yaks (Lair:5)
  A titan skeleton (Vaults:5)
  Lodul (D:11)
  2 salamander mystics (Snake:4)
  4 sea snakes
  A spark wasp zombie (Depths:3)
  2 glowing orange brains
  11 deep trolls
  3 naga ritualists
  A deep elf pyromancer (Elf:1)
  3 lindwurms
  A deep elf archer (Elf:3)
  5 ironbound convokers
  A necromancer (Vaults:1)
  9 mana vipers
  2 orc knights
  2 phantasmal warriors
  A wizard (Vaults:4)
  5 harpies
  2 manticores (Shoals:4)
  24 ugly things
  7 fauns
  9 salamanders
  4 cyclopes
  20 elephants
  24 black mambas
  7 guardian serpents
  A moth of wrath (Zot:1)
  A torpor snail (shapeshifter) (Depths:3)
  An iron dragon skeleton (Depths:3)
  A merfolk siren (Shoals:4)
  9 naga magi
  2 water nymphs
  6 vault sentinels
  12 cane toads
  3 torpor snails
  A yaktaur zombie (Vaults:1)
  4 komodo dragons
  2 efreet
  9 yaktaurs
  2 tengu conjurers (Depths:1)
  2 meliai
  A meliai (shapeshifter) (Depths:1)
  A troll (D:14)
  A hornet (Depths:1)
  8 merfolk
  6 blink frogs
  3 dream sheep (Shoals:4)
  6 slime creatures
  4 snapping turtles
  An elf zombie (Vaults:1)
  A jumping spider (shapeshifter) (Depths:3)
  A wyvern (D:11)
  2 hogs (Lair:3)
  2 fire elementals (Elf:3)
  38 yaks
  3 basilisks
  A water elemental (Elf:3)
  5 wargs
  2 vampire mosquitoes
  25 nagas
  3 water moccasins
  A glowing shapeshifter skeleton (Depths:3)
  7 orc warriors
  A spectral troll (Orc:1)
  3 centaurs
  7 wolves
  15 ogres
  3 bullfrogs
  6 killer bees (D:14)
  An electric eel (Snake:1)
  2 jellies (Lair:5)
  2 orc priests
  3 orc wizards
  3 river rats (Lair:5)
  3 orc simulacra (Orc:1)
  5 orcs
  2 goblins (D:9)
  5 kobolds (Bailey)
627 creatures vanquished.

Vanquished Creatures (others)
  4 orc warlords
  A deep elf elementalist (Elf:3)
  A draconian stormcaller (Zot:1)
  9 orc knights
  3 orc high priests
  An orc sorcerer (Vaults:5)
  A deep elf knight (Elf:1)
  A salamander mystic (Depths:4)
  A deep elf zephyrmancer (Elf:1)
  2 deep elf pyromancers
  A manticore (Shoals:1)
  8 orc warriors
  2 naga magi (Snake:3)
  A wind drake (Shoals:1)
  2 vampire mosquitoes (D:13)
  A naga (Snake:4)
  38 orcs
  8 orc priests
  10 orc wizards
  An adder (D:6)
  6 tentacles
102 creatures vanquished.

Grand Total: 2045 creatures vanquished

Notes
Turn   | Place    | Note
-------+----------+-------------------------------------------
     0 | D:1      | randomguy2701 the Hill Orc Fighter began the quest for the
                  | Orb.
     0 | D:1      | Reached XP level 1. HP: 19/19 MP: 1/1
   100 | D:1      | Reached XP level 2. HP: 20/27 MP: 2/2
   325 | D:1      | Reached skill level 3 in Axes
   482 | D:1      | Reached XP level 3. HP: 28/33 MP: 3/3
   980 | D:2      | Noticed an ogre
   987 | D:2      | Killed an ogre
   988 | D:2      | Reached skill level 4 in Axes
   988 | D:2      | Reached XP level 4. HP: 41/41 MP: 4/4
   988 | D:2      | Reached XP level 5. HP: 47/47 MP: 5/5
  1766 | D:3      | Found a glowing silver altar of Zin.
  1856 | D:3      | Found a stormy altar of Qazlal.
  2003 | D:3      | Found an opulent altar of Gozag.
  2282 | D:3      | Found a sacrificial altar of Ru.
  2282 | D:3      | Found an iron altar of Okawaru.
  2554 | D:4      | Reached skill level 5 in Axes
  2555 | D:4      | Reached XP level 6. HP: 25/53 MP: 6/6
  2786 | D:4      | Reached skill level 6 in Axes
  2903 | D:4      | Found an ancient bone altar of Kikubaaqudgha.
  2906 | D:4      | Found a shimmering altar of Xom.
  3018 | D:5      | Entered Level 5 of the Dungeon
  3059 | D:5      | Noticed Dowan
  3059 | D:5      | Noticed Duvessa
  3067 | D:5      | Killed Duvessa
  3068 | D:5      | Reached skill level 7 in Axes
  3068 | D:5      | Reached XP level 7. HP: 41/60 MP: 7/7
  3069 | D:5      | Killed Dowan
  3183 | D:5      | Reached skill level 5 in Armour
  3263 | D:5      | Noticed Blork the orc
  3275 | D:5      | Killed Blork the orc
  3276 | D:5      | Reached skill level 5 in Fighting
  3276 | D:5      | Reached skill level 8 in Axes
  3615 | D:5      | Reached XP level 8. HP: 54/68 MP: 8/8
  3615 | D:5      | Found a staircase to the Ecumenical Temple.
  3621 | D:5      | Reached skill level 9 in Axes
  4523 | D:6      | Reached skill level 10 in Axes
  4744 | D:6      | Reached skill level 5 in Shields
  4745 | D:6      | Reached XP level 9. HP: 72/78 MP: 9/9
  4753 | D:6      | Became a worshipper of Beogh the Brigand
  4828 | D:6      | Reached skill level 11 in Axes
  5248 | D:7      | Noticed Pikel
  5277 | D:7      | Killed Pikel
  5474 | D:7      | Found a burning altar of Makhleb.
  5532 | D:7      | Reached * piety under Beogh
  5568 | D:7      | Reached skill level 12 in Axes
  5813 | D:7      | Identified the +7 chain mail of the End {Int+4}
  5927 | D:7      | Found the Hermit's Pendant {Faith Invo=14 Evo=0 MP+5}
  5981 | D:7      | Found a shimmering blue altar of Sif Muna.
  5989 | D:7      | Reached skill level 1 in Dodging
  5989 | D:7      | Reached XP level 10. HP: 81/86 MP: 10/10
  5998 | D:7      | Got Sif Muna's Almanac of Left-Handed Secrets
  6003 | D:7      | Found a bloodstained altar of Trog.
  6007 | D:7      | Noticed Jeremiah
  6085 | D:7      | Killed Jeremiah
  6086 | D:7      | Reached skill level 13 in Axes
  6530 | D:8      | Reached ** piety under Beogh
  7172 | D:8      | Noticed Grum
  7189 | D:8      | Killed Grum
  7290 | D:8      | Reached skill level 14 in Axes
  7555 | D:8      | Identified the +1 sling of Integrity {flame, rCorr Int+2
                  | Dex-2}
  7682 | D:8      | Reached *** piety under Beogh
  7951 | D:9      | Noticed a death yak
  8015 | D:9      | Found Rirunkaa's Jewellery Emporium.
  8054 | D:9      | Noticed a two-headed ogre
  8064 | D:9      | Killed a two-headed ogre
  8236 | D:9      | Found Gadiasuuh's Assorted Antiques.
  8280 | D:9      | Found Pideson's General Store.
  8280 | D:9      | Noticed Maurice
  8280 | D:9      | Paralysed by Maurice for 4 turns
  8289 | D:9      | Paralysed by Maurice for 5 turns
  8301 | D:9      | Killed Maurice
  8315 | D:9      | Found a blossoming altar of Fedhas.
  8315 | D:9      | Noticed a two-headed ogre
  8330 | D:9      | Killed a two-headed ogre
  8331 | D:9      | Reached skill level 15 in Axes
  8331 | D:9      | Reached XP level 11. HP: 76/97 MP: 21/21
  8401 | D:9      | Found a staircase to the Lair.
  8401 | D:9      | Noticed a death yak
  8403 | D:9      | Noticed a death yak
  8417 | D:9      | Killed a death yak
  8426 | D:9      | Killed a death yak
  8431 | D:9      | HP: 3/97 [death yak (21)]
  8443 | D:9      | Killed a death yak
  8452 | D:9      | Found a flagged portal.
  8459 | Bailey   | Entered a bailey
  8665 | Bailey   | Noticed an orc knight
  8666 | Bailey   | Noticed an orc knight
  8670 | Bailey   | Noticed an orc knight
  8739 | Bailey   | Reached **** piety under Beogh
  8756 | Bailey   | Killed an orc knight
  8943 | Bailey   | Killed an orc knight
  9470 | D:9      | Reached skill level 10 in Armour
  9852 | D:9      | Found Unlos's Antique Weapon Boutique.
  9876 | D:9      | Found a hazy altar of Hepliaklqana.
  9964 | D:9      | Found Ynaa's Distillery.
 10029 | D:9      | Reached skill level 10 in Fighting
 10050 | D:10     | Entered Level 10 of the Dungeon
 10065 | D:10     | Gained Ugrim as an ally
 10115 | D:10     | Noticed a catoblepas
 10116 | D:10     | Noticed a manticore
 10167 | Lair:1   | Entered Level 1 of the Lair of Beasts
 10172 | Lair:1   | Reached skill level 16 in Axes
 10702 | Lair:1   | Reached XP level 12. HP: 90/107 MP: 22/22
 11740 | Lair:2   | Noticed a death yak
 11741 | Lair:2   | Noticed a death yak
 11741 | Lair:2   | Noticed a death yak
 11745 | Lair:2   | Noticed a death yak
 11745 | Lair:2   | Noticed a death yak
 11749 | Lair:2   | Noticed a death yak
 11755 | Lair:2   | Killed a death yak
 11755 | Lair:2   | Gained Berold as an ally
 11759 | Lair:2   | Killed a death yak
 11762 | Lair:2   | Killed a death yak
 11764 | Lair:2   | Killed a death yak
 11765 | Lair:2   | Killed a death yak
 11765 | Lair:2   | Reached ***** piety under Beogh
 11767 | Lair:2   | Killed a death yak
 12088 | Lair:2   | Found a staircase to the Shoals.
 12116 | Lair:2   | Your ally Ugrim died
 13176 | Lair:3   | Noticed Kirke
 13192 | Lair:3   | Noticed a sphinx
 13194 | Lair:3   | Killed Kirke
 13195 | Lair:3   | Reached XP level 13. HP: 113/117 MP: 23/23
 13233 | Lair:3   | Identified the -1 pair of gloves "Nileixil" {rElec Int+2}
 13332 | Lair:3   | Reached skill level 17 in Axes
 13496 | Lair:3   | Found a staircase to the Snake Pit.
 13506 | Lair:3   | Reached skill level 1 in Stealth
 14617 | Lair:4   | Reached ****** piety under Beogh
 15011 | Lair:4   | Identified the +5 chain mail of the Volcano {Int+3 Slay-2
                  | Stlth+}
 15549 | Lair:4   | Reached skill level 1 in Maces & Flails
 16092 | Lair:5   | Entered Level 5 of the Lair of Beasts
 16101 | Lair:5   | Reached skill level 10 in Shields
 16420 | Lair:5   | Reached XP level 14. HP: 107/129 MP: 24/24
 16578 | Lair:5   | Reached skill level 1 in Invocations
 16581 | Lair:5   | Found a staircase to the Slime Pits.
 16859 | Lair:5   | Noticed a dire elephant
 16859 | Lair:5   | Noticed a dire elephant
 16862 | Lair:5   | Reached skill level 18 in Axes
 17028 | Lair:5   | Killed a dire elephant
 17031 | Lair:5   | Killed a dire elephant
 17690 | D:10     | Found a roughly hewn altar of Beogh.
 17690 | D:10     | Found a staircase to the Orcish Mines.
 18164 | D:10     | Found a white marble altar of Elyvilon.
 18781 | D:10     | Found a glowing golden altar of the Shining One.
 18897 | D:11     | Noticed Lodul
 18904 | D:11     | Killed Lodul
 19327 | D:11     | Noticed Nergalle
 19338 | D:11     | Killed Nergalle
 19711 | D:12     | Found Kestaag's Distillery.
 20486 | Orc:1    | Entered Level 1 of the Orcish Mines
 20930 | Orc:2    | Entered Level 2 of the Orcish Mines
 21099 | Orc:2    | Reached skill level 5 in Invocations
 21130 | Orc:2    | Reached skill level 19 in Axes
 21134 | Orc:2    | Reached XP level 15. HP: 103/139 MP: 19/19
 21320 | Orc:2    | Found a staircase to the Elven Halls.
 21338 | Orc:2    | Found Unlafauq's Weapon Shop.
 21349 | Orc:2    | Found Epe Jecopt's Jewellery Shoppe.
 21349 | Orc:2    | Found Anenaf's Jewellery Shoppe.
 21349 | Orc:2    | Found Koidacas's Jewellery Boutique.
 21741 | Orc:1    | Noticed an orc warlord
 21750 | Orc:1    | Killed an orc warlord
 22153 | Orc:1    | Found a runed translucent gate.
 22153 | Orc:1    | Found a runed translucent gate.
 22153 | Orc:1    | Found a runed translucent gate.
 22154 | Orc:1    | Noticed Funteblela's ghost (journeyman GnWn)
 22327 | Orc:1    | Killed Funteblela's ghost
 23168 | D:13     | Found a portal to a secret trove of treasure.
 23230 | D:13     | Noticed a sphinx
 23233 | D:13     | Noticed Goober42's ghost (journeyman DECj)
 23239 | D:13     | Found a transporter.
 23240 | D:13     | Noticed Snorg
 23247 | D:13     | Killed Snorg
 23283 | D:13     | Found a transporter.
 23288 | D:13     | a dire elephant changed into an emperor scorpion
 23288 | D:13     | Noticed an emperor scorpion (glowing shapeshifter)
 23366 | D:13     | Reached skill level 15 in Fighting
 23548 | D:13     | Identified the amulet of Okawaru's Reproof {Reflect Harm
                  | Str+5 SH+5}
 23863 | D:13     | Reached skill level 15 in Armour
 24796 | D:14     | Gained Zartorak as an ally
 24932 | D:14     | Found a transporter.
 24958 | D:14     | Identified the +0 ring mail of Tel Xionwi {Will+++ Str+4
                  | Int-4}
 25184 | D:14     | Found a shadowy altar of Dithmenos.
 25224 | D:14     | Gained Ognian as an ally
 25530 | D:14     | Found a transporter.
 25544 | D:14     | Found a gate to the Vaults.
 26285 | D:14     | Gained Beowulf as an ally
 26540 | D:14     | Identified the ring "Waob" {rC+ Int+2 SInv}
 26547 | D:14     | Identified the ring "Dusaf" {Int+6 SInv}
 26553 | D:14     | Identified the +6 storm dragon scales of the Giraffatuar
                  | {Rampage rElec Will++ MP+9}
 26557 | D:14     | Identified the ring "Zikad" {+Blink rF++ Int+4 Dex+6}
 26722 | D:13     | a formless jellyfish changed into an emperor scorpion
 26722 | D:13     | Noticed an emperor scorpion (glowing shapeshifter)
 26723 | D:13     | an emperor scorpion changed into a quicksilver ooze
 27165 | D:15     | Entered Level 15 of the Dungeon
 27516 | D:15     | Identified the amulet "Igostroh" {RegenMP +Inv rElec Str+3}
 28196 | D:15     | Found a staircase to the Depths.
 28962 | Shoals:1 | Entered Level 1 of the Shoals
 29005 | Shoals:1 | Reached XP level 16. HP: 150/151 MP: 22/22
 29023 | Shoals:1 | Noticed Nikola
 29444 | Shoals:1 | Killed Nikola
 30567 | Shoals:1 | Found Wynlipixu's Antique Armour Boutique.
 30858 | Shoals:2 | Reached skill level 1 in Evocations
 30895 | Shoals:2 | Identified a scroll of acquirement
 30896 | Shoals:2 | Acquired 575 gold pieces
 31713 | Shoals:2 | Noticed a kraken
 31720 | Shoals:2 | Killed a kraken
 32394 | Shoals:3 | Reached skill level 20 in Axes
 32405 | Shoals:3 | Identified the +1 tower shield of the Fifty Hells {-Cast
                  | +Inv rElec rC+}
 32893 | Shoals:3 | Noticed a kraken
 32902 | Shoals:3 | Killed a kraken
 33621 | Shoals:4 | Entered Level 4 of the Shoals
 34075 | Shoals:4 | Reached skill level 5 in Dodging
 34916 | Shoals:4 | Got a barnacled rune of Zot
 34978 | Shoals:4 | Reached XP level 17. HP: 139/160 MP: 24/24
 35132 | Shoals:4 | Your ally Ognian died
 36221 | Snake:1  | Entered Level 1 of the Snake Pit
 36433 | Orc:2    | Bought a ring of poison resistance for 200 gold pieces
 36839 | Snake:1  | Noticed Frances
 36846 | Snake:1  | Killed Frances
 36853 | Snake:1  | Noticed Aizul
 36859 | Snake:1  | Killed Aizul
 37269 | Snake:1  | Reached skill level 15 in Shields
 38014 | Snake:1  | Identified the +11 glaive of Invincibility {heavy, rF++
                  | Int+2}
 38372 | Snake:2  | Reached skill level 21 in Axes
 39013 | Snake:2  | Identified the -1 pair of boots "Hyciotwo" {+Inv rC+ Int+4
                  | Dex+3}
 39091 | Snake:2  | Got the Reference Book on Coarse Spectres
 39253 | Snake:2  | Reached XP level 18. HP: 170/170 MP: 25/25
 39979 | D:13     | Killed Goober42's ghost
 40432 | Snake:3  | Gained Oruk as an ally
 40658 | Snake:3  | Identified the ring of Summertime {Fly rElec Str+3 Dex-3
                  | SInv}
 41021 | Snake:3  | Found Cerug's Book Emporium.
 41023 | Snake:3  | Found Beloig's Magic Scroll Shoppe.
 41023 | Snake:3  | Found Voijaich's General Store.
 41028 | Snake:3  | Found Leulaiw's Assorted Antiques.
 41033 | Snake:3  | Noticed Vashnia
 41044 | Snake:3  | Reached skill level 22 in Axes
 41068 | Snake:3  | Killed Vashnia
 42125 | Snake:4  | Entered Level 4 of the Snake Pit
 42855 | Snake:4  | Gained Argrim as an ally
 42897 | Snake:4  | Reached skill level 23 in Axes
 43034 | Snake:4  | Found a sparkling altar of Nemelex Xobeh.
 43668 | Snake:4  | Got a serpentine rune of Zot
 44220 | Vaults:1 | Entered Level 1 of the Vaults
 44733 | Vaults:1 | Reached XP level 19. HP: 179/179 MP: 26/26
 44749 | Vaults:1 | Reached skill level 10 in Invocations
 45072 | Vaults:1 | Reached skill level 24 in Axes
 45797 | Vaults:2 | Noticed Mennas
 45820 | Vaults:2 | Killed Mennas
 46222 | Vaults:2 | Found a staircase to the Crypt.
 46648 | Vaults:2 | Reached skill level 25 in Axes
 46910 | Vaults:2 | Identified the +6 morningstar of Tender Mercy {heavy,
                  | Will+++ Dex-3 SInv Stlth-}
 47478 | Vaults:3 | Reached skill level 5 in Stealth
 47521 | Vaults:3 | Your ally Zartorak died
 47546 | Vaults:3 | Found a flickering gateway to a bazaar.
 47552 | Bazaar   | Entered a bazaar
 47552 | Bazaar   | Found Teorez's Armour Shoppe.
 47552 | Bazaar   | Found Efa Kumi's Distillery.
 47564 | Bazaar   | Found Haathrong's Antique Armour Shoppe.
 47580 | Bazaar   | Found Sucyh's Antique Weapon Emporium.
 47588 | Bazaar   | Bought a slimy hand axe for 104 gold pieces
 47588 | Bazaar   | Identified the +4 hand axe "Xicwutzo" {flame, MP-9 Str+3
                  | Stlth+} (You bought it in a shop in a bazaar)
 47605 | Bazaar   | Bought the +0 cloak "Kapn" {Harm rElec rN++ Int-4} for 144
                  | gold pieces
 47609 | Bazaar   | Bought an ancient chain mail for 313 gold pieces
 47609 | Bazaar   | Identified the +0 chain mail of the Desert {rC+ Str+5} (You
                  | bought it in a shop in a bazaar)
 47893 | Vaults:3 | Noticed Zenata
 47902 | Vaults:3 | HP: 7/178 [+3 mace of draining[Zenata] (4)]
 47909 | Vaults:3 | Your ally Oruk died
 47911 | Vaults:3 | Your ally Beowulf died
 47918 | Vaults:3 | Killed Zenata
 48396 | Vaults:3 | Reached XP level 20. HP: 191/191 MP: 27/27
 48839 | Vaults:3 | Reached skill level 26 in Axes
 49333 | Vaults:4 | Gained Bogward as an ally
 49851 | Vaults:4 | Your ally Bogward died
 49888 | Vaults:4 | Gained mutation: You are dopey. (Int -2) [a shining eye]
 50048 | Vaults:4 | Noticed an ancient lich
 50049 | Vaults:4 | Paralysed by a floating eye for 2 turns
 50071 | Vaults:4 | Killed an ancient lich
 50411 | Vaults:4 | Your ally Argrim died
 50810 | Vaults:4 | Reached skill level 27 in Axes
 51653 | Elf:1    | Entered Level 1 of the Elven Halls
 51764 | Elf:1    | Paralysed by an air elemental for 1 turns
 51789 | Elf:1    | Found a magical portal.
 51968 | Elf:1    | You are sucked into a shaft and drop 1 floor!
 51984 | Elf:2    | Reached XP level 21. HP: 198/201 MP: 29/29
 52362 | Elf:2    | Found Betzan's Distillery.
 52488 | Elf:2    | Found a runed translucent gate.
 52489 | Elf:2    | Found a runed translucent gate.
 52489 | Elf:2    | Found a runed translucent gate.
 53886 | Elf:1    | Paralysed by an air elemental for 1 turns
 54092 | Elf:3    | Entered Level 3 of the Elven Halls
 54506 | Elf:3    | Gained Morguth as an ally
 54524 | Elf:3    | Your ally Morguth died
 54536 | Elf:3    | Gained Ortolf as an ally
 55032 | Elf:3    | Your ally Ortolf died
 55059 | Elf:3    | Gained Alork as an ally
 55075 | Elf:3    | Reached XP level 22. HP: 170/213 MP: 18/30
 55099 | Elf:3    | Identified the +8 falchion "Beastbane" {antimagic, rPois
                  | rF+}
 55120 | Elf:3    | Identified the +8 hand axe of Wu Jian's Hatred {flame, rF-
                  | Str+6 SInv}
 55512 | Elf:3    | Got Gewakiakh's Secrets of Destruction and Calefaction
 55524 | Elf:3    | Got the Discursus on Arcane Combat and Fascination
 55525 | Elf:3    | Identified the staff "Pimoyheu" {*Corrode rElec rPois rC+
                  | rN++ Ice}
 55551 | Elf:3    | Identified the +4 arbalest of Piobal {drain, *Slow rPois
                  | Int+3 Dex+3}
 55552 | Elf:3    | Identified the +11 eveningstar of Glory {vamp, rC+ rCorr}
 56034 | Vaults:5 | Entered Level 5 of the Vaults
 56034 | Vaults:5 | Noticed a golden dragon
 57361 | Vaults:4 | Gained Arbeogh as an ally
 57528 | Vaults:4 | Killed a golden dragon
 58355 | Vaults:5 | Noticed an ancient lich
 58497 | Vaults:4 | Killed an ancient lich
 58741 | Vaults:5 | Got a silver rune of Zot
 58776 | Vaults:5 | Your ally Arbeogh died
 58812 | Vaults:5 | Identified the amulet "Hiroe" {Reflect Regen+ SH+5}
 58814 | Vaults:5 | Identified the ring of Ocago {Fire Str+3}
 58847 | Vaults:5 | Gained Orik as an ally
 58907 | Vaults:5 | Identified the staff of the Doomed Warrior {rElec Dex+2
                  | Air}
 58982 | Vaults:5 | Reached XP level 23. HP: 209/224 MP: 31/31
 59083 | Vaults:5 | Your ally Orik died
 59156 | Vaults:5 | Found Yhoyrri's Armour Shoppe.
 59608 | Vaults:5 | Got Owoghuti's Octavo of Cloudy Flames
 59628 | Vaults:5 | Identified the +14 plate armour of the Lair of Beasts {rC+}
 59630 | Vaults:5 | Identified the +1 long sword of Pinwitue {freeze, Dex+3}
 59651 | Vaults:5 | Got Zucruabb's Notes on the Fetid Band
 60081 | Vaults:5 | Got Sif Muna's Guide on Direction and Misery
 60105 | Vaults:5 | Identified the +6 quarterstaff of Saltpetre {protect,
                  | Int+3}
 61691 | Depths:1 | Entered Level 1 of the Depths
 61702 | Depths:1 | Found Bakeb's Assorted Antiques.
 61747 | Depths:1 | Bought a potion of heal wounds for 115 gold pieces
 61762 | Depths:1 | Found a gateway to Hell.
 61815 | Depths:1 | Found a hide-covered altar of Uskayaw.
 62059 | Depths:1 | Found Nialekhlid's Distillery.
 62066 | Depths:1 | Bought a potion of heal wounds for 75 gold pieces
 62066 | Depths:1 | Bought a potion of experience for 750 gold pieces
 62078 | Depths:1 | Reached XP level 24. HP: 235/235 MP: 31/32
 62104 | Depths:1 | Found Heqaurev's Armour Boutique.
 62129 | Depths:1 | Found Xoamomuc's Distillery.
 62138 | Depths:1 | Bought a potion of might for 68 gold pieces
 62138 | Depths:1 | Bought a potion of might for 68 gold pieces
 62138 | Depths:1 | Bought a potion of curing for 51 gold pieces
 62138 | Depths:1 | Bought a potion of curing for 51 gold pieces
 62138 | Depths:1 | Bought a potion of curing for 51 gold pieces
 62157 | Depths:1 | Found Lycaqiz's Book Emporium.
 62489 | Depths:2 | Identified the amulet of Kuluojuj {RegenMP Dex+3}
 63086 | Depths:2 | You fall into a shaft and drop 1 floor!
 63122 | Depths:3 | Your ally Alork died
 63396 | Depths:3 | Got Effime Etang's Opusculum on Icy Changes
 63440 | Depths:3 | Got the Teachings on the Overhead Quarry
 63516 | Depths:3 | Reached XP level 25. HP: 226/245 MP: 32/32
 63757 | Depths:3 | Found a one-way gateway to a ziggurat.
 64447 | Depths:3 | Found a one-way gate to the infinite horrors of the Abyss.
 64770 | Depths:4 | Entered Level 4 of the Depths
 64770 | Depths:4 | Noticed a juggernaut
 64772 | Depths:4 | Noticed Margery
 64800 | Depths:3 | Killed Margery
 64803 | Depths:3 | Killed a juggernaut
 65058 | Depths:4 | Found a one-way gate leading to the halls of Pandemonium.
 66000 | Depths:4 | Found a gate to the Realm of Zot.
 66416 | Zot:1    | Entered Level 1 of the Realm of Zot
 67099 | Zot:1    | Killed from afar by a yellow draconian annihilator

Illustrated notes

Levels and vault maps discovered:
D:1:      ebering_trefoil_3fold, layout_basic,
          wander_ebering_terrifying_dragon_lair
D:2:      layout_basic
D:3:      layout_rooms, grunt_gozag_breadcrumbs, general_overflow_altar,
          mainiacjoe_overflow_24_doors, gammafunk_temple_overflow_statue,
          kennysheep_generic_room_12
D:4:      layout_basic, nicolae_overflow_hidden_temple,
          chequers_hall_statues_corner_a
D:5:      layout_basic, minmay_temple_entry_large_hall, uniq_duvessa,
          uniq_blork_the_orc
D:6:      layout_cave_pods, minmay_misc_feat_diagonals
D:7:      corexii_shantytown, layout_cave_pools,
          nzn_overflow_gifts_of_might_and_magic,
          mainiacjoe_overflow_six_doors_small, minmay_splitting_lines,
          minmay_circle_x, uniq_jeremiah, uniq_pikel, uniq_crazy_yiuf_cottage
D:8:      layout_basic, uniq_grum
D:9:      minmay_general_purpose_star, layout_rooms,
          mainiacjoe_overflow_small_starburst,
          mainiacjoe_overflow_cross_hatched, dpeg_lair_monsters, serial_shops,
          nicolae_shop_crystal, nicolae_shop_rolling_square, shop,
          nicolae_shop_hallway_plus, nicolae_shop_real_fake_doors,
          enter_bailey_4, uniq_maurice
D:10:     nzn_motion_control, layout_loops_ring, nicolae_overflow_crystal_walls,
          kennysheep_mini, david_orc_5
D:11:     layout_loops_cross, uniq_lodul, uniq_nergalle
D:12:     layout_cave_pools, serial_shops, shop
D:13:     layout_grid_maze, gammafunk_ghost_arena, enter_trove_3, uniq_snorg
D:14:     gammafunk_its_a_trap, layout_irregular_city, erik_vaults_2,
          grunt_dithmenos_smoke, minivault_7
D:15:     grunt_enter_depths_snipers, layout_stronghold
Lair:1:   layout_roguey, cheibrodos_lair_reptile_den
Lair:2:   layout_misc_corridors, nicolae_shoals_entry_roost,
          serial_bayou_pond_c, lemuel_fruit_fields
Lair:3:   layout_cave_pods, minmay_snake_entry_guardpost_medium,
          beast_lair_carwin_6, uniq_kirke
Lair:4:   layout_regular_city
Lair:5:   due_jungle_book, layout_regular_city, nicolae_slime_entry_field_trip,
          kennysheep_rathole
Shoals:1: layout_shoals, serial_shops,
          nicolae_shop_temple_entry_statues_fountains,
          portal_ice_cave_entry_pillars_1, uniq_nikola
Shoals:2: layout_shoals
Shoals:3: layout_shoals, nicolae_shoals_mertower
Shoals:4: shoals_end_grunt_ice, layout_shoals, nicolae_shoals_shepherds
Snake:1:  nicolae_snake_shooting_gallery, layout_onion_interference,
          special_room, nicolae_snake_herptile_family_reunion, uniq_aizul,
          uniq_frances
Snake:2:  layout_rooms
Snake:3:  layout_layer_cave, minmay_shoptagon, uniq_vashnia
Snake:4:  johnstein_snake_rune_scales, layout_onion, basic_altar
Orc:1:    layout_caves, gammafunk_ghost_necromancy
Orc:2:    st_orc_ogre_mass, layout_caves
Elf:1:    eino_elf_arrival_shootout, layout_gridlike, mu_enter_wizlab_6,
          evilmike_minifort
Elf:2:    nicolae_elf_blades_crystal_corner, layout_onion_city, serial_shops,
          shop
Elf:3:    grunt_elf_hall_asides, layout_gridlike
Vaults:1: v_rooms_5, nicolae_vaults_border_crossing,
          nicolae_vaults_three_branches, nicolae_vaults_tetromino_L_1,
          vaults_room_corners, hangedman_vaults_snaps,
          nicolae_vaults_variable_pillar_hall, layout_vaults_omnigrid
Vaults:2: v_alt_pattern_5, nicolae_vaults_network_quinsquares
          [nicolae_vaults_network_quincunx_subvault,
          nicolae_vaults_network_quincunx_subvault,
          nicolae_vaults_network_quincunx_subvault,
          nicolae_vaults_network_quincunx_subvault],
          nicolae_vaults_statue_guard, nicolae_vaults_closet_pinwheel_3,
          vaults_mumra_chevron_long, minmay_crypt_entry_simple_round,
          nicolae_vaults_offset_grid_hallway_1, nicolae_vaults_network_square,
          nicolae_vaults_circle_grid_a, vaults_room_corners, v_alt_pattern_6,
          ontoclasm_vaults_claustrophobia, nicolae_vaults_diagonal_hallway_7,
          layout_vaults_ring, uniq_mennas
Vaults:3: nicolae_vaults_tetromino_L_1, nicolae_vaults_security_offices_3,
          nicolae_vaults_trapezoid_lopsided_4, v_pattern_1,
          nicolae_vaults_trapezoid_3, nicolae_vaults_apartment_1,
          nicolae_vaults_cornered_office, nicolae_vaults_offset_grid_hallway_4,
          nicolae_vaults_steering_wheel, vaults_room_fours,
          nicolae_vaults_apartment_1, nicolae_vaults_layer_cake_slice,
          vaults_standard_mumra_x, nicolae_vaults_trapezoid_4,
          layout_vaults_omnibox, serial_shops, bzr_entry_safe, uniq_zenata
Vaults:4: vaults_room_boxed, v_misc_4, st_greater_box_2, v_misc_8,
          nicolae_vaults_oval_intersection, nicolae_vaults_theta,
          hangedman_vaults_maws, nicolae_vaults_sightless_eye, v_alt_pattern_1,
          v_alt_pattern_3, nicolae_vaults_specimen_jars, layout_vaults_omnicross
Vaults:5
Depths:1: layout_cave_pools, hell_entry, minmay_misc_feat_five, serial_shops,
          nicolae_shop_overgrown_old_shop, nicolae_shop_trees, shop,
          kennysheep_mini_moat, nicolae_square_shop,
          wad_floor_pattern_untrapped, nicolae_uskayaw_en_pointe
Depths:2: minmay_the_grid_net [minmay_the_grid_odd_star,
          minmay_the_grid_minigrid_small_alt, minmay_the_grid_expand,
          minmay_the_grid_holed_spiral, minmay_the_grid_outer_diamond,
          minmay_the_grid_prize_four_corners_diamond_a], layout_honeycomb,
          hangedman_decor_push, grunt_hell_entry_dis_mu, pan_entry,
          minmay_misc_feat_roman
Depths:3: minmay_tile_spiral, layout_cave_shapes, enter_ziggurat_d,
          hangedman_tar_grid_catacomb, abyss_entry, kennysheep_minor_cross,
          grunt_megastairs_5, minmay_staircase_bubble
Depths:4: evilmike_zot_entry_round, layout_basic, pan_entry,
          minmay_misc_feat_square, hell_entry, minmay_misc_feat_alley,
          uniq_margery
Zot:1:    layout_gridlike, st_stairs_9, grunt_megastairs_2

Skill      XL: |  1  2  3  4  5  6  7  8  9 10 11 12 13 14 15 16 17 18 19 20 21 22 23 24 25 |
---------------+----------------------------------------------------------------------------+-----
Fighting       | 4 5 6 7 9 10 11 13 14 15 16 17 18 19 20 21 22 23 24 | 24.8
Axes           | 3 4 5 7 8 10 12 15 16 17 19 20 21 23 25 27 | 27.0
Armour         | 4 5 6 7 9 10 12 13 14 15 16 17 18 19 | 19.9
Shields        | 4 5 6 7 9 10 11 12 13 15 17 18 19 21 23 24 26 | 26.3
Dodging        | 1 2 3 4 5 6 7 |  7.8
Stealth        | 2 3 4 5 6 |  6.5
Maces & Flails | 1 |  1.2
Invocations    | 5 8 9 10 11 12 | 12.7
Evocations     | 1 |  1.2

Action                     |  1- 3 |  4- 6 |  7- 9 | 10-12 | 13-15 | 16-18 | 19-21 | 22-24 | 25-27 || total
---------------------------+-------+-------+-------+-------+-------+-------+-------+-------+-------++-------
  Melee: War axe           |   109 |   167 |   433 |   451 |   717 |   898 |  1026 |   653 |   374 ||  4828
         Whip              |       |       |       |       |     8 |       |       |       |       ||     8
 Invoke: Convert to Beogh  |       |       |     1 |       |       |       |       |       |       ||     1
         Recall Orcish Fol |       |       |       |     4 |    17 |    38 |    24 |    18 |     3 ||   104
         Give Item to Name |       |       |       |       |     1 |     1 |     1 |     1 |       ||     4
         Smiting           |       |       |       |       |       |       |    11 |     1 |    11 ||    23
         Resurrection      |       |       |       |       |       |       |     3 |       |       ||     3
Ability: Evoke Blink       |       |       |       |       |       |     1 |       |       |       ||     1
  Evoke: Wand              |       |       |       |     4 |       |       |       |       |       ||     4
    Use: Potion            |       |     1 |       |     6 |     1 |     2 |     3 |     4 |     4 ||    21
         Scroll            |       |       |       |     7 |    15 |    15 |     6 |    10 |       ||    53
   Stab: Distracted        |       |       |       |     1 |     5 |     6 |     7 |    12 |       ||    31
         Paralysed         |       |       |       |     1 |       |       |       |     1 |       ||     2
         Petrified         |       |       |       |       |     2 |       |       |       |       ||     2
         Confused          |       |       |       |       |     1 |       |       |       |       ||     1
         Petrifying        |       |       |       |       |     1 |       |       |       |       ||     1
 Armour: Scale mail        |    81 |    31 |       |       |       |       |       |       |       ||   112
         Plate armour      |       |   144 |   363 |    23 |       |       |       |   159 |   232 ||   921
         Chain mail        |       |       |       |   316 |   506 |       |       |       |       ||   822
         Storm dragon scal |       |       |       |       |    59 |   553 |   476 |   244 |       ||  1332
  Dodge: Dodged            |    56 |    55 |    89 |   187 |   277 |   214 |   179 |   144 |   114 ||  1315
  Block: Buckler           |    23 |    49 |    96 |   141 |   312 |    69 |       |       |       ||   690
         Reflection        |       |       |       |       |    20 |   136 |   117 |    51 |     9 ||   333
         Tower shield      |       |       |       |       |       |   965 |   952 |   677 |   398 ||  2992

Table legend: (Time is in decaauts)
 A = Elapsed time spent in this place.
 B = Non-inter-level travel time spent in this place.
 C = Inter-level travel time spent in this place.
 D = Time resting spent in this place.
 E = Time spent auto-exploring this place.
 F = Levels seen in this place.
 G = Mean time per level.
                   A        B        C        D        E       F      G
               +--------+--------+--------+--------+--------+-----+--------+
         Total |  66308 |  58169 |   8139 |  15724 |  30465 |  45 | 1473.5 |
       Dungeon |  20397 |  16444 |   3953 |   2906 |  10469 |  15 | 1359.8 |
          Lair |   7919 |   6826 |   1093 |   1551 |   4241 |   5 | 1583.8 |
        Shoals |   6521 |   6008 |    513 |   1999 |   2567 |   4 | 1630.2 |
     Snake Pit |   6639 |   6000 |    639 |   1792 |   2347 |   4 | 1659.8 |
  Orcish Mines |   2749 |   2467 |    282 |   1620 |    610 |   2 | 1374.5 |
   Elven Halls |   3928 |   3741 |    187 |    624 |   2272 |   3 | 1309.3 |
        Vaults |  11966 |  10778 |   1188 |   3755 |   4895 |   5 | 2393.2 |
        Depths |   4552 |   4271 |    281 |    808 |   2553 |   4 | 1138.0 |
           Zot |    654 |    654 |      0 |    223 |    288 |   1 |  654.0 |
        Bazaar |     68 |     68 |      0 |      0 |     37 |   1 |   68.0 |
        Bailey |    908 |    908 |      0 |    446 |    185 |   1 |  908.0 |
               +--------+--------+--------+--------+--------+-----+--------+

Top non-repeatable levels by time:
Vaults:4: 4571 daAuts
    D:14: 2497 daAuts
 Snake:1: 2365 daAuts
    D:13: 2144 daAuts
  Lair:3: 2126 daAuts
Vaults:5: 1946 daAuts
Vaults:2: 1865 daAuts
  Lair:1: 1857 daAuts
 Snake:3: 1807 daAuts
Shoals:3: 1802 daAuts
Vaults:3: 1799 daAuts
Vaults:1: 1783 daAuts
    D:10: 1762 daAuts
   Elf:2: 1716 daAuts
Shoals:4: 1693 daAuts
